 Dungeon Crawl Stone Soup version 0.21.1-1-g345015fe64 (webtiles) character file.

118 McKennaii the Magician (level 4, -1/24 HPs)
             Began as a Deep Elf Ice Elementalist on June 6, 2018.
             Slain by Sigmund
             ... wielding a +0 scythe
              (14 damage)
             ... on level 3 of the Dungeon.
             The game lasted 00:05:51 (2733 turns).

McKennaii the Magician (Deep Elf Ice Elementalist)  Turns: 2733, Time: 00:05:52

Health: -1/24      AC:  2    Str:  2 (5)  XL:     4   Next: 72%
Magic:  13/13      EV: 13    Int: 19 (21) God:
Gold:   19         SH:  0    Dex: 12 (15) Spells: 3/13 levels left

rFire    . . .     SeeInvis .   j - +1 dagger
rCold    . . .     Gourm    .   (no shield)
rNeg     . . .     Faith    .   a - +0 robe
rPois    .         Spirit   .   (no helmet)
rElec    .         Reflect  .   (no cloak)
rCorr    .         Harm     .   (no gloves)
MR       .....                  (no boots)
Stlth    ++........             (no amulet)
HPRegen  0.08/turn              (no ring)
MPRegen  0.13/turn              (no ring)

@: no status effects
A: no striking features
a: no special abilities


You were on level 3 of the Dungeon.
You were not hungry.

You visited 1 branch of the dungeon, and saw 3 of its levels.

You collected 19 gold pieces.

Inventory:

Hand Weapons
 j - a +1 dagger (weapon)
Armour
 a - a +0 robe (worn)
Scrolls
 f - a scroll of enchant armour {unknown}
 g - a scroll of fear {unknown}
 h - 2 scrolls of identify
 i - a scroll of enchant weapon
 k - a scroll of random uselessness {unknown}
 l - a scroll of immolation {unknown}
 n - 2 scrolls of remove curse {unknown}
 o - a scroll of blinking {unknown}
Potions
 d - a potion of heal wounds
 e - a potion of brilliance {unknown}
 m - a potion of degeneration
Books
 b - a book of Frost

   Spells                             Type                      Level
   a - Freeze                         Ice                          1
   b - Throw Frost                    Conjuration/Ice              2
   c - Ozocubu's Armour               Charms/Ice                   3
   d - Throw Icicle                   Conjuration/Ice              4
   e - Summon Ice Beast               Ice/Summoning                4
Comestibles
 c - 10 rations


   Skills:
 + Level 0.1 Fighting
 + Level 2.6 Dodging
 * Level 3.4 Stealth
 * Level 5.0 Spellcasting
 + Level 1.2 Conjurations
 * Level 4.3 Ice Magic


You had 3 spell levels left.
You knew the following spells:

 Your Spells              Type           Power        Failure   Level  Hunger
a - Freeze                Ice            ###.         1%          1    None
b - Throw Frost           Conj/Ice       ###...       6%          2    #......
c - Ozocubu's Armour      Chrm/Ice       ##......     16%         3    ##.....
d - Summon Ice Beast      Ice/Summ       ##......     45%         4    ####...


Dungeon Overview and Level Annotations

Branches:
Dungeon (3/15)

Altars:

Annotations:
D:3 Sigmund


Message History

You are more confused.
You're too confused!
It was a potion of degeneration.
There was something very wrong with that liquid.
You feel weakened.
You feel dopey.
You feel clumsy.
You bump into the rock wall.
You're too confused to move!
You bump into the rock wall.
You bump into the rock wall.
You feel much better. Sigmund casts a spell at you. The puff of flame hits you!
Sigmund casts a spell at you. The magic dart hits you!
You hit Sigmund but do no damage.
Sigmund is lightly wounded.
You feel less confused. Sigmund hits you with a scythe!
Ouch! That really hurt!
You die...

..##....># ###
#.##†##### ..#
#.##.# #.# #.#
#.##.# ..# #.#
#.##.#
#########.#
#.##@#
...÷......#
#.##.#
.#######..#
#.##†# .#
#..######@##.#
.#
#.........@..#
.#
#.#####...####
.# #.# #.###
.# #.# #.# .#
#.# #.# ## #.#
#.# # #. #.# #
#.#


You could see Sigmund.

Vanquished Creatures
  5 adders
  3 worms (D:2)
  2 dart slugs
  A leopard gecko (D:3)
  2 orcs (D:3)
  3 giant cockroaches (D:2)
  10 goblins
  9 hobgoblins
  A jackal (D:2)
  A ball python (D:2)
  8 bats
  4 frilled lizards
  4 kobolds
  6 rats
59 creatures vanquished.

Notes
Turn   | Place    | Note
-------+----------+-------------------------------------------
     0 | D:1      | McKennaii the Deep Elf Ice Elementalist began the quest for the Orb.
     0 | D:1      | Reached XP level 1. HP: 10/10 MP: 6/6
   235 | D:1      | Reached XP level 2. HP: 12/15 MP: 6/8
   239 | D:1      | Learned a level 2 spell: Throw Frost
   949 | D:2      | Reached XP level 3. HP: 14/19 MP: 2/10
  1176 | D:2      | Reached skill level 4 in Spellcasting
  1519 | D:2      | Reached XP level 4. HP: 21/24 MP: 0/12
  1659 | D:2      | Learned a level 3 spell: Ozocubu's Armour
  1664 | D:2      | Learned a level 4 spell: Summon Ice Beast
  2422 | D:3      | Reached skill level 5 in Spellcasting
  2709 | D:3      | Noticed Sigmund
  2733 | D:3      | Slain by Sigmund

Skill      XL: |  1  2  3  4 |
---------------+-------------+-----
Ice Magic      | 4 |  4.3
Spellcasting   | 4 5 |  5.0
Stealth        | 3 |  3.4
Fighting       | |  0.1
Dodging        | |  2.6
Conjurations   | |  1.2

Action                   |  1- 3 |  4- 6 || total
-------------------------+-------+-------++-------
Melee: Unarmed           |     5 |       ||     5
       Dagger            |     3 |     8 ||    11
 Cast: Freeze            |    39 |    20 ||    59
       Throw Frost       |    21 |    18 ||    39
  Use: Scroll            |       |     2 ||     2
       Potion            |       |     2 ||     2
 Stab: Sleeping          |     1 |     2 ||     3
  Eat: Chunk             |     2 |     4 ||     6
Armor: Robe              |     6 |     1 ||     7
Dodge: Dodged            |    18 |    12 ||    30
